 Dungeon Crawl Stone Soup version 0.21-a0-521-g1cd18d1 (webtiles) character file.

709 slep the Chopper (level 7, -3/52 HPs)
             Began as a Demonspawn Gladiator on Dec 6, 2017.
             Slain by Edmund
             ... wielding a +2 flail of holy wrath
              (4 damage)
             ... on level 5 of the Dungeon.
             The game lasted 00:16:40 (4054 turns).

slep the Chopper (Demonspawn Gladiator)             Turns: 4054, Time: 00:16:40

Health: -3/52      AC:  7    Str: 17    XL:     7   Next: 40%
Magic:  0/7        EV: 11    Int:  9    God:
Gold:   130        SH:  0    Dex: 16    Spells: 6/6 levels left

rFire    + . .     SeeInvis .   a - +0 war axe
rCold    . . .     Gourm    .   (no shield)
rNeg     . . .     Faith    .   t - +0 scale mail {rF+}
rPois    .         Spirit   +   c - +0 helmet
rElec    .         Reflect  .   (no cloak)
rCorr    .         Harm     .   (no gloves)
MR       .....                  (no boots)
Stlth    +.........             v - amulet of guardian spirit
HPRegen  0.17/turn              (no ring)
MPRegen  0.20/turn              (no ring)

@: no status effects
A: thin skeletal structure 1, magic shield, magic regeneration
a: no special abilities


You were on level 5 of the Dungeon.
You were near starving.

You visited 1 branch of the dungeon, and saw 5 of its levels.
You also visited: Sewer.

You collected 130 gold pieces.

Inventory:

Hand Weapons
 a - a +0 war axe (weapon)
Missiles
 d - 3 throwing nets (quivered)
 B - a tomahawk of dispersal
Armour
 b - a +0 leather armour
 c - a +0 helmet (worn)
 n - a +0 ring mail
 t - a +0 scale mail of fire resistance (worn)
Jewellery
 v - an amulet of guardian spirit (around neck)
Wands
 y - a wand of random effects (8)
Scrolls
 e - 5 scrolls of magic mapping {unknown}
 h - 11 scrolls of identify {unknown}
 i - 5 scrolls of teleportation {unknown}
 j - 4 scrolls of remove curse {unknown}
 l - a scroll of enchant armour {unknown}
 m - a scroll of blinking {unknown}
 o - a scroll of fear {unknown}
 u - a scroll of immolation {unknown}
 w - a scroll of fog {unknown}
 z - a scroll of amnesia {unknown}
 E - a scroll of noise {unknown}
Potions
 g - a potion of lignification {unknown}
 k - 2 potions of curing
 r - a potion of might {unknown}
 s - a potion of berserk rage {unknown}
 x - a potion of agility {unknown}
 A - a potion of brilliance {unknown}
 C - 2 potions of heal wounds
 D - a potion of haste {unknown}
Comestibles
 f - 4 bread rations
 p - 5 fruits
 q - a meat ration


   Skills:
 + Level 3.2 Fighting
 + Level 6.4 Axes
 + Level 1.8 Throwing
 + Level 2.7 Armour
 + Level 3.5 Dodging


You had 6 spell levels left.
You didn't know any spells.

Dungeon Overview and Level Annotations

Branches:
Dungeon (5/15)
 Temple: D:4-7

Altars:

Shops:
D:4 %??

Annotations:
D:5 Edmund


Innate Abilities, Weirdness & Mutations

You have a somewhat thin skeletal structure. (Dex +2, Stealth)
When hurt, damage is shared between your health and your magic reserves.
You regenerate magic rapidly.


Message History

Edmund is almost dead.
Your scale mail prevents you from hitting Edmund.
Edmund is almost dead.
Edmund barely misses you.
You hit Edmund.
Edmund is almost dead.
Edmund misses you.
You hit Edmund but do no damage.
Edmund is almost dead.
Edmund hits you with a flail of holy wrath.
* * * LOW HITPOINT WARNING * * *
You convulse.
* * * LOW HITPOINT WARNING * * *
You barely miss Edmund.
Edmund is almost dead.
Edmund barely misses you.
You barely miss Edmund.
Edmund is almost dead.
Edmund hits you with a flail of holy wrath.
You die...

#....### #....##.
#..#...### ##.....#.
##.###.).## #........
#..####..###........
##..# ##..##.......#
##.# ##.###...<...
#%# #.........#.
#.##.#######.........
#...@...............#
##..@.#######.....>.#
#...#.# ##.....##
...#. %# #.....#
#####. .# #.###.# #.
.# ... .. #. .. ...
... .. .# .... ...


You could see Edmund.

Vanquished Creatures
  2 big kobolds (D:3)
  2 scorpions (D:4)
  A howler monkey (D:4)
  An orc priest (D:4)
  2 bullfrog skeletons (D:4)
  3 orc wizards
  Natasha (thrice) (D:2)
  A worker ant (D:4)
  An adder (D:4)
  2 oozes
  4 worms
  A dart slug (D:1)
  5 leopard geckos
  17 orcs
  3 ball pythons
  9 bats
  6 giant cockroaches
  7 goblins
  11 hobgoblins
  14 jackals
  2 quokkas
  11 frilled lizards
  16 kobolds
  A leopard gecko skeleton (D:4)
  7 rats
132 creatures vanquished.

Notes
Turn   | Place    | Note
-------+----------+-------------------------------------------
     0 | D:1      | slep the Demonspawn Gladiator began the quest for the Orb.
     0 | D:1      | Reached XP level 1. HP: 16/16 MP: 1/1
    63 | D:1      | You fall through a shaft!
   151 | D:2      | Gained mutation: When hurt, damage is shared between your health and your magic reserves. [demonic ancestry]
   151 | D:2      | Reached XP level 2. HP: 22/22 MP: 2/2
   182 | D:2      | Reached skill level 3 in Axes
   311 | D:2      | Noticed Natasha
   312 | D:2      | Noticed a crimson imp
   313 | D:2      | Noticed a crimson imp
   320 | D:2      | Killed Natasha
   320 | D:2      | Gained mutation: You regenerate magic rapidly. [demonic ancestry]
   320 | D:2      | Reached XP level 3. HP: 19/27 MP: 1/3
   439 | D:2      | Reached skill level 4 in Axes
   439 | D:2      | Reached XP level 4. HP: 16/33 MP: 1/4
   867 | D:2      | Reached skill level 1 in Armour
  1315 | D:3      | Noticed a big kobold
  1319 | D:3      | Gained mutation: You have a somewhat thin skeletal structure. (Dex +2, Stealth) [demonic ancestry]
  1319 | D:3      | Reached XP level 5. HP: 38/39 MP: 5/5
  1344 | D:3      | Reached skill level 5 in Axes
  1344 | D:3      | Reached XP level 6. HP: 25/46 MP: 4/6
  2205 | D:1      | You fall through a shaft!
  2209 | D:2      | Noticed Natasha
  2213 | D:2      | Killed Natasha
  2634 | D:2      | Noticed Natasha
  2649 | D:2      | Killed Natasha
  2697 | D:4      | HP: 1/46 [something (3)]
  2735 | D:4      | Found Kuntanagoh's Magic Scroll Boutique.
  2821 | D:4      | Found Inwumet's Assorted Antiques.
  2870 | D:4      | Reached skill level 6 in Axes
  2870 | D:4      | Reached XP level 7. HP: 17/52 MP: 5/7
  2885 | D:4      | Found Vyjaoruh's Food Shoppe.
  3014 | D:4      | Found Xoezuyfe's Magic Scroll Shoppe.
  3249 | D:4      | Found a glowing drain.
  3265 | Sewer    | Entered a sewer
  3998 | D:5      | Entered Level 5 of the Dungeon
  4034 | D:5      | Noticed Edmund
  4052 | D:5      | HP: 1/52 [Edmund/flail of holy wrath (2)]
  4054 | D:5      | Slain by Edmund

Vault maps used:
D:1:      dpeg_arrival_boxorama
D:2:      uniq_natasha
D:3:      cheibrodos_thug_alley, first_bread
D:4:      cheibrodos_sewer_entry_bend, serial_shops, nicolae_shop_trees,
          shop_fountains, shop, nicolae_shop_crystal
D:5:      serial_corexii_hall, corexii_hall_statues_i, corexii_hall_statues_l,
          uniq_edmund
Sewer:    sewer_co_scattered_pipes

Skill      XL: |  1  2  3  4  5  6 |
---------------+-------------------+-----
Axes           | 3 4 5 6 |  6.4
Dodging        | 3 |  3.5
Armour         | 1 2 |  2.7
Fighting       | 3 |  3.2
Throwing       | |  1.8

Action                   |  1- 3 |  4- 6 |  7- 9 || total
-------------------------+-------+-------+-------++-------
Melee: War axe           |    62 |   276 |   135 ||   473
  Use: Potion            |       |       |     1 ||     1
  Eat: Chunk             |       |     7 |     3 ||    10
Armor: Leather armour    |    20 |       |       ||    20
       Ring mail         |     5 |    49 |       ||    54
       Scale mail        |       |    84 |    49 ||   133
Dodge: Dodged            |    43 |   167 |    66 ||   276

Table legend:
 A = Spawn XP
 B = Non-spawn XP
 C = Spawn XP percentage of total XP
 D = Spawn monster count
 E = Non-spawn monster count
 F = Spawn count percentage of total count
 G = Total turns spent on level
                    A         B        C        D         E        F      G
               +---------+---------+-------+---------+---------+-------+---------
         Total |       0 |    1013 |   0.0 |       0 |     132 |   0.0 |  4054
               +---------+---------+-------+---------+---------+-------+---------
           D:1 |       0 |      50 |   0.0 |       0 |      24 |   0.0 |   814
           D:2 |       0 |     191 |   0.0 |       0 |      28 |   0.0 |   954
           D:3 |       0 |     269 |   0.0 |       0 |      37 |   0.0 |   913
           D:4 |       0 |     479 |   0.0 |       0 |      26 |   0.0 |   681
         Sewer |       0 |      24 |   0.0 |       0 |      17 |   0.0 |   636
               +---------+---------+-------+---------+---------+-------+---------
